 Dungeon Crawl Stone Soup version 0.27.1-1-g398f81649c (webtiles) character file.

Game seed: 208167952948781301

1324 Cykl0x the Slasher (level 8, 0/69 HPs)
             Began as a Minotaur Fighter on Sept 14, 2021.
             Slain by an orc warrior (6 damage)
             ... on level 6 of the Dungeon.
             The game lasted 00:05:53 (4964 turns).

Cykl0x the Slasher (Minotaur Fighter)               Turns: 4964, Time: 00:05:54

Health: 0/69       AC: 11    Str: 28    XL:     8   Next: 33%
Magic:  7/7        EV:  7    Int:  5    God:
Gold:   303        SH: 11    Dex: 11    Spells: 7/7 levels left

rFire    + . .     SeeInvis .   v - +1 scimitar (freeze)
rCold    + . .     Faith    .   c - +0 kite shield
rNeg     . . .     Spirit   .   w - +0 chain mail
rPois    .         Reflect  .   (helmet restricted)
rElec    .         Harm     .   f - scarf {rC+ rF+}
rCorr    .         Rampage  .   x - +0 pair of gloves
Will     .....                  (no boots)
Stlth    ..........             (no amulet)
HPRegen  0.21/turn              i - +6 ring of strength
MPRegen  0.10/turn              (no ring)

@: mighty
A: horns 2, retaliatory headbutt
a: no special abilities


You were on level 6 of the Dungeon.
You visited 1 branch of the dungeon, and saw 6 of its levels.

You collected 303 gold pieces.

Inventory:

Hand Weapons
 k - a +2 short sword of protection
 v - a +1 scimitar of freezing (weapon)
Missiles
 j - 157 stones
 m - 3 boomerangs (quivered)
Armour
 b - a +0 scale mail
 c - a +0 kite shield (worn)
 f - a scarf of resistance (worn)
 w - a +0 chain mail (worn)
 x - a +0 pair of gloves (worn)
Jewellery
 i - a +6 ring of strength (left hand)
Wands
 p - a wand of acid (9)
 r - a wand of flame (22)
Scrolls
 o - a scroll of amnesia
 y - a scroll of fog
Potions
 a - a potion of magic {unknown}
 e - 3 potions of flight
 g - a potion of haste
 l - a potion of curing {unknown}
 n - a potion of mutation {unknown}
 q - 2 potions of heal wounds {unknown}
 s - a potion of ambrosia {unknown}
 t - a potion of degeneration {unknown}
 u - 3 potions of cancellation {unknown}
 z - a potion of lignification {unknown}


   Skills:
 + Level 5.4 Fighting
 + Level 7.6 Long Blades
 + Level 3.7 Throwing
 + Level 6.6 Armour
 + Level 1.4 Dodging
 + Level 5.8 Shields


You had 7 spell levels left.
You didn't know any spells.
Your spell library contained the following spells:

 Spells                   Type           Power      Damage    Failure   Level
 Freeze                   Ice            0%         1d3       100%        1
 Ensorcelled Hibernation  Hex/Ice        0%         N/A       100%        2
 Conjure Flame            Conj/Fire      0%         6-21      100%        3
 Frozen Ramparts          Ice            0%         1d2       100%        3
 Ignite Poison            Fire/Tmut/Pois 0%         N/A       100%        3
 Spider Form              Tmut/Pois      0%         N/A       100%        3
 Stone Arrow              Conj/Erth      0%         3d7       100%        3
 Animate Armour           Summ/Erth      0%         N/A       100%        4
 Hailstorm                Conj/Ice       0%         3d3       100%        4
 Sticky Flame             Conj/Fire      0%         2d3       100%        4
 Shadow Creatures         Summ           N/A        N/A       100%        6
 Lehudib's Crystal Spear  Conj/Erth      0%         10d2      100%        8


Dungeon Overview and Level Annotations

Branches:
Dungeon (6/15)
 Temple: D:4-7

Altars:
Gozag
Qazlal
Xom


Innate Abilities, Weirdness & Mutations

You have a pair of horns on your head.
You reflexively headbutt those who attack you in melee.


Message History

Your shield and chain mail prevent you from hitting the ice beast.
The ice beast is severely wounded.
You block the ice beast's attack. You block the orc warrior's attack.
The orc wizard barely misses you.
You slash the orc wizard! You freeze the orc wizard.
You kill the orc wizard!
The ice beast barely misses you.
The orc warrior hits you from afar with a +0 glaive!
Unknown command.
You hit the ice beast. Your headbutt misses the ice beast.
The ice beast is severely wounded.
You block the ice beast's attack.
The orc warrior hits you from afar with a +0 glaive!
You slice the ice beast!!
You kill the ice beast!
The orc warrior throws a boomerang.
The boomerang hits you!
Your shield and chain mail prevent you from hitting the orc priest.
You headbutt the orc priest!
The orc priest is almost dead.
The orc warrior hits you from afar with a +0 glaive!
* * * LOW HITPOINT WARNING * * *
The orc warrior throws a boomerang.
You block the boomerang. The orc hits you but does no damage.
The orc priest hits you but does no damage.
You block the orc warrior's attack.
You see here a +0 club.
You barely miss the orc warrior. You headbutt the orc warrior!
The orc warrior is moderately wounded.
The orc completely misses you.
The orc priest hits you but does no damage.
The orc warrior hits you with a +0 glaive!
* * * LOW HITPOINT WARNING * * *
You slash the orc warrior! You freeze the orc warrior.
The orc warrior is almost dead.
You block the orc's attack.
The orc priest calls down the wrath of Beogh upon you.
Pain shoots through your body!
* * * LOW HITPOINT WARNING * * *
The orc warrior hits you with a +0 glaive.
You die...

##.#####.......#... #..#
##.......... # ##..##
##......... #. ##....###
#....!....
#..#.......####†.....).#
#.................>..#.
#.....................
###....o.####..........#
.......@### ##.........#
.......oo.# ...........#
....####...........###.#
#.. #..........## .# #.
...##......# . # ....
... ...### .. ...# .
....#


You could see an orc warrior, an orc priest and an orc.

Vanquished Creatures
  Menkaure (D:5)
  An ice beast (D:6)
  A sky beast (D:3)
  A black bear (D:5)
  An ogre (D:5)
  A centaur (D:6)
  A phantom (D:3)
  4 scorpions
  A howler monkey (D:5)
  A centaur zombie (D:5)
  A centaur skeleton (D:5)
  A gnoll shaman (D:3)
  An orc priest (D:6)
  A bullfrog skeleton (D:6)
  3 orc wizards
  8 gnolls
  3 adders
  A white imp (D:5)
  An adder skeleton (D:5)
  A worm (D:3)
  2 dart slugs
  11 orcs
  8 ball pythons
  6 endoplasms
  2 giant cockroaches
  5 goblins
  7 hobgoblins
  6 kobolds
  5 quokkas
  5 bats
  2 frilled lizards
  5 rats
98 creatures vanquished.

Notes
Turn   | Place    | Note
-------+----------+-------------------------------------------
     0 | D:1      | Cykl0x the Minotaur Fighter began the quest for the Orb.
     0 | D:1      | Reached XP level 1. HP: 19/19 MP: 0/0
    24 | D:1      | Reached XP level 2. HP: 8/27 MP: 1/1
   725 | D:2      | Found a faded altar of an unknown god.
   782 | D:2      | Reached XP level 3. HP: 33/33 MP: 2/2
  1830 | D:3      | Reached skill level 3 in Long Blades
  1989 | D:3      | Noticed a sky beast
  1997 | D:3      | HP: 1/33 [something (5)]
  2000 | D:3      | Killed a sky beast
  2001 | D:3      | Reached XP level 4. HP: 2/41 MP: 3/3
  2001 | D:3      | Reached XP level 5. HP: 2/47 MP: 4/4
  2402 | D:3      | Noticed a phantom
  2408 | D:3      | Killed a phantom
  2409 | D:3      | Reached skill level 4 in Long Blades
  2409 | D:3      | Reached skill level 1 in Throwing
  2409 | D:3      | Reached skill level 5 in Armour
  2460 | D:3      | Reached XP level 6. HP: 32/53 MP: 5/5
  2981 | D:4      | Reached skill level 5 in Long Blades
  3052 | D:4      | Found an opulent altar of Gozag.
  3052 | D:4      | Found a stormy altar of Qazlal.
  3298 | D:4      | Identified a scroll of acquirement
  3298 | D:4      | Acquired a +1 scimitar of freezing
  3338 | D:4      | Found a shimmering altar of Xom.
  3404 | D:4      | Reached skill level 1 in Dodging
  3660 | D:5      | Entered Level 5 of the Dungeon
  3686 | D:5      | Reached XP level 7. HP: 54/60 MP: 6/6
  3747 | D:5      | Reached skill level 5 in Shields
  3896 | D:5      | Reached skill level 6 in Long Blades
  4165 | D:5      | Reached skill level 5 in Fighting
  4336 | D:5      | Noticed Menkaure
  4345 | D:5      | Killed Menkaure
  4699 | D:5      | Reached skill level 7 in Long Blades
  4699 | D:5      | Reached XP level 8. HP: 22/68 MP: 7/7
  4964 | D:6      | Slain by an orc warrior

Illustrated notes

Levels and vault maps discovered:
D:1:      minmay_arrival_solitary_statue, layout_rooms, st_stairs_2,
          palyth_stone_intersect, minmay_misc_feat_tower
D:2:      layout_basic, ebering_ecumenical_altar_ruins, item_on_display_a
D:3:      layout_loops_ring, minmay_box_of_dots
D:4:      layout_basic, xom_teletrap_fun, jmf_multi_god_temple
D:5:      layout_rooms, uniq_menkaure
D:6:      layout_layer_cave, fedhas_altar_fruit_tree,
          minmay_temple_entry_large_hall, minmay_misc_feat_square

Skill      XL: |  1  2  3  4  5  6  7 |
---------------+----------------------+-----
Shields        | 4 5 |  5.8
Armour         | 4 5 6 |  6.6
Fighting       | 4 5 |  5.4
Long Blades    | 3 4 5 7 |  7.6
Throwing       | 1 2 3 |  3.7
Dodging        | 1 |  1.4

Action                   |  1- 3 |  4- 6 |  7- 9 || total
-------------------------+-------+-------+-------++-------
Melee: Long sword        |    77 |    50 |       ||   127
       Headbutt          |    12 |    15 |    12 ||    39
       Scimitar          |       |    19 |    57 ||    76
Throw: Stone             |    13 |       |       ||    13
       Boomerang         |     1 |    36 |    22 ||    59
  Use: Scroll            |     3 |     6 |     2 ||    11
       Potion            |     1 |       |     1 ||     2
Armor: Scale mail        |    53 |    20 |       ||    73
       Chain mail        |       |     5 |    37 ||    42
Dodge: Dodged            |    20 |    18 |    14 ||    52
Block: Kite shield       |    24 |    29 |    41 ||    94
       Rpst.: Long sword |     3 |     3 |       ||     6
       Scimitar          |       |       |     5 ||     5
